Map: Cactus Valley LE (Void)

Players

TimeTwist

  • Race: Zerg Zerg
  • Spawn Location: 7:00

dallaskuken

  • Race: Protoss Protoss
  • League: Silver
  • Spawn Location: 5:00

FrogMint - Winner!

  • Race: Zerg Zerg
  • Spawn Location: 1:00

Loken - Winner!

  • Race: Protoss Protoss
  • Spawn Location: 11:00

VOD

Have the link to the VOD?

Description

Time

  • Played on: March 7, 2017, 8:36 a.m.
  • Length: 17:10
Show
View Real Time Build Order
Export as new Build Order

TimeTwist Zerg 

Build Orders: Hatch First 

Get SALT Encoding   

  12  0:09  Overlord  
  12  0:14  Drone  
  13  0:17  Drone  
  14  0:28  Drone  
  15  0:33  Drone  
  16  0:43  Drone  
  17  0:54  Drone  
  18  1:01  Hatchery  
  17  1:05  Drone  
  18  1:16  Spawning Pool  
  18  1:18  Drone  
  18  1:27  Drone  
  19  1:38  Drone  
  20  1:48  Extractor  
  20  1:49  Drone  
  20  1:58  Overlord  
  20  2:03  Queen  
  22  2:14  Zergling x2  
  23  2:16  Queen  
  23  2:17  Drone  
  23  2:20  Drone  
  27  2:26  Drone  
  28  2:38  Zergling x4  
  28  2:41  Queen  
  32  2:50  Hatchery  
  31  2:51  Queen  
  33  3:11  Zergling x6  
  35  3:26  Zergling x2  
  36  3:28  Overlord  
  31  3:42  Zergling x6  
  31  3:43  Zergling x6  
  35  3:51  Zergling x2  
  35  3:52  Zergling x2  
  37  3:58  Queen  
  33  4:14  Drone x4  
  33  4:15  Drone x2  
  33  4:30  Zergling x2  
  33  4:31  Zergling x4  
  34  4:32  Zergling x6  
  37  4:47  Queen  
  37  4:49  Zergling x4  
  41  4:55  Roach Warren  
  40  5:14  Queen  
  40  5:15  Drone x2  
  35  5:39  Queen  
  35  5:40  Zergling x10  
  42  5:45  Drone  
  44  5:50  Zergling x2  
  44  5:51  Overlord  
  44  5:55  Overlord  
  25  6:25  Roach x3  
  28  7:01  Spawning Pool, Drone x3  
  24  7:23  Drone x3  
  26  7:37  Extractor  
  22  7:59  Zergling x2  
  22  8:00  Zergling x10  
  22  8:59  Hatchery  
  21  10:17  Extractor  
  20  10:29  Drone x2  
  20  10:33  Spawning Pool  
  21  10:46  Drone x2  
  23  11:09  Hatchery  
  22  11:23  Queen, Spore Crawler  
  22  11:34  Hatchery  
  22  11:37  Zergling x4  
  23  12:45  Extractor  
  22  12:52  Lair  
  22  12:53  Roach Warren  
  21  13:02  Drone x2  
  23  13:09  Drone  
  23  13:10  Drone x2  
  25  13:17  Drone  
  26  13:25  Drone x3, Extractor  
  28  13:33  Drone x2  
  30  13:35  Spawning Pool  
  30  13:39  Overlord  
  29  13:53  Roach x5  
  39  13:56  Burrow  
  39  14:03  Drone  
  39  14:05  Drone  
  41  14:13  Glial Reconstitution  
  41  14:21  Roach  
  41  14:22  Roach x4  
  50  14:44  Overlord  
  50  14:45  Overlord x2  
  50  14:51  Spore Crawler  
  49  14:58  Spore Crawler  
  43  15:34  Drone  
  43  15:49  Hatchery  
  36  16:00  Drone x18  
  19  16:35  Hatchery  
  17  16:51  Spine Crawler  
  17  16:53  Spine Crawler x2  
Show
View Real Time Build Order
Export as new Build Order

dallaskuken Protoss 

Build Orders:  

Get SALT Encoding   

  12  0:02  Probe (Chrono Boost)  
  14  0:14  Probe (Chrono Boost)  
  14  0:26  Pylon  
  14  0:28  Probe (Chrono Boost)  
  15  0:45  Probe (Chrono Boost)  
  15  0:49  Gateway  
  16  0:57  Probe (Chrono Boost)  
  17  1:08  Probe (Chrono Boost)  
  17  1:10  Assimilator  
  19  1:18  Probe (Chrono Boost)  
  19  1:37  Probe (Chrono Boost)  
  20  1:47  Probe (Chrono Boost)  
  20  1:49  Zealot  
  23  2:00  Cybernetics Core  
  23  2:03  Pylon  
  23  2:14  Assimilator  
  23  2:19  Zealot  
  23  2:22  Probe (Chrono Boost)  
  26  2:34  Probe (Chrono Boost)  
  27  2:41  Warp Gate  
  27  2:47  Probe (Chrono Boost)  
  28  2:53  Pylon  
  28  2:55  Pylon  
  29  2:59  Probe (Chrono Boost)  
  29  3:00  Gateway  
  29  3:01  Gateway  
  29  3:04  Gateway  
  29  3:11  Probe (Chrono Boost)  
  26  3:52  Zealot  
  26  3:55  Pylon  
  28  4:15  Probe (Chrono Boost)  
  29  4:48  Zealot x3, Twilight Council  
  29  4:49  Zealot  
  37  5:05  Pylon  
  37  5:07  Pylon  
  37  5:09  Pylon  
  35  5:26  Stalker x4  
  43  5:55  Zealot x4  
  51  6:07  Probe (Chrono Boost)  
  51  6:08  Charge  
  40  6:24  Stalker x4  
  27  6:51  Dark Shrine  
  27  6:58  Gateway  
  27  7:00  Gateway  
  27  7:02  Gateway  
  27  7:18  Nexus  
  27  7:20  Pylon  
  27  7:22  Pylon  
  27  7:38  Stalker x4  
  35  8:04  Dark Templar  
  35  8:05  Dark Templar x2  
  41  8:17  Dark Templar  
  41  8:42  Dark Templar x3  
  45  9:36  Dark Templar x4  
  45  9:50  Probe (Chrono Boost)  
  42  10:00  Probe (Chrono Boost)  
  43  10:11  Probe (Chrono Boost)  
  44  10:19  Stalker x2  
  48  10:21  Probe (Chrono Boost)  
  49  10:50  Probe (Chrono Boost)  
  49  10:52  Stalker x3  
  49  10:53  Stalker  
  49  10:54  Stalker  
  60  11:00  Probe (Chrono Boost)  
  61  11:22  Stalker x4  
  61  11:23  Stalker  
  71  11:59  Stalker x6  
  77  12:52  Forge  
  75  13:17  Zealot  
  75  13:18  Zealot x3  
  75  13:19  Zealot x3  
  67  13:46  Zealot x5  
  64  14:03  Assimilator  
  64  14:07  Assimilator  
  56  14:33  Nexus  
  50  14:41  Blink  
  50  14:42  Protoss Ground Weapons Level 1  
  50  14:50  Pylon  
  50  14:53  Pylon  
  50  15:12  Photon Cannon  
  50  15:14  Photon Cannon  
  50  15:16  Photon Cannon  
  50  15:19  Photon Cannon  
  50  15:21  Photon Cannon  
  50  15:22  Stalker  
  50  15:23  Photon Cannon  
  48  16:01  Stalker x5  
  52  16:06  Probe (Chrono Boost)  
  53  16:16  Probe (Chrono Boost)  
  54  16:23  Stalker x2  
  58  16:27  Probe (Chrono Boost)  
  33  16:41  Stalker x3  
Show
View Real Time Build Order
Export as new Build Order

FrogMint Zerg - Winner!

Build Orders: Pool First 

Get SALT Encoding   

  12  0:01  Drone  
  13  0:12  Overlord  
  13  0:17  Drone  
  14  0:30  Drone  
  14  0:31  Drone  
  14  0:34  Drone  
  17  0:45  Drone  
  18  0:52  Spawning Pool  
  18  0:56  Drone  
  18  1:03  Extractor  
  17  1:09  Drone  
  18  1:20  Drone  
  19  1:32  Drone  
  20  1:38  Queen  
  22  1:40  Overlord  
  22  2:03  Drone x2  
  24  2:08  Metabolic Boost  
  24  2:09  Hatchery  
  24  2:12  Drone  
  24  2:21  Drone  
  25  2:26  Queen  
  27  2:38  Drone, Roach Warren  
  27  2:50  Drone x3  
  30  2:53  Overlord  
  30  3:11  Zergling x2  
  30  3:12  Zergling x2  
  31  3:30  Extractor  
  29  3:37  Queen  
  24  3:51  Zergling x4  
  24  3:52  Zergling x8  
  30  3:56  Drone  
  33  4:02  Roach  
  33  4:12  Queen  
  35  4:19  Drone x2  
  37  4:24  Spine Crawler  
  36  4:32  Drone x3  
  36  4:36  Drone  
  36  4:37  Drone x3  
  43  4:48  Lair  
  43  5:03  Overlord x4  
  26  5:36  Roach x3  
  26  5:37  Roach x3  
  33  5:47  Roach x3  
  37  6:03  Queen  
  39  6:14  Hatchery  
  32  6:37  Roach x3  
  32  6:39  Queen  
  36  7:10  Roach  
  36  7:11  Roach x2  
  42  7:24  Drone x3  
  42  7:28  Drone  
  47  7:58  Drone x3  
  47  7:59  Drone x3  
  52  8:16  Roach  
  46  8:36  Drone x3  
  47  8:41  Drone x2  
  43  9:04  Lair  
  43  9:11  Spore Crawler  
  43  9:13  Zergling x6  
  43  9:14  Zergling x6  
  24  10:08  Queen, Drone x3  
  24  10:09  Drone, Spore Crawler  
  24  10:10  Drone  
  30  10:15  Drone x2  
  30  10:19  Drone x3  
  30  10:20  Drone  
  30  10:21  Drone x3  
  39  10:43  Drone x2  
  39  10:44  Queen  
  39  10:48  Roach  
  45  11:07  Roach x3  
  51  11:26  Overseer  
  51  11:38  Overseer  
  51  11:45  Hatchery  
  50  11:52  Roach x2  
  50  11:53  Roach x4  
  62  11:55  Overlord x4  
  62  11:59  Extractor  
  61  12:01  Extractor  
  61  12:06  Drone  
  61  12:07  Drone x2  
  65  12:30  Roach x8  
  79  12:41  Roach x3  
  85  13:15  Roach x2  
  85  13:16  Roach x5  
  85  13:18  Queen  
  101  13:20  Drone x3  
  87  13:50  Roach x8  
  87  13:53  Queen  
  89  14:15  Roach, Zergling x2  
  92  14:18  Zergling x2  
  92  14:19  Zergling x2  
  94  14:24  Overseer  
  94  14:53  Roach x6  
  94  14:55  Overlord  
  94  14:56  Overlord x8  
  106  15:04  Glial Reconstitution  
  103  15:38  Roach  
  103  15:39  Roach x10  
  111  15:59  Roach x5  
  117  16:21  Roach  
  117  16:22  Roach x4  
  127  16:42  Roach x5  
Show
View Real Time Build Order
Export as new Build Order

Loken Protoss - Winner!

Build Orders:  

Get SALT Encoding   

  12  0:02  Probe (Chrono Boost)  
  13  0:13  Probe (Chrono Boost)  
  14  0:19  Pylon  
  14  0:23  Probe (Chrono Boost)  
  15  0:40  Gateway  
  15  0:46  Probe (Chrono Boost)  
  16  0:59  Probe (Chrono Boost)  
  17  1:06  Gateway  
  17  1:09  Probe (Chrono Boost)  
  17  1:10  Gateway  
  18  1:20  Probe (Chrono Boost)  
  18  1:23  Pylon  
  19  1:28  Zealot  
  19  1:32  Assimilator  
  21  1:43  Cybernetics Core  
  21  1:46  Assimilator  
  21  1:55  Zealot  
  21  1:57  Zealot  
  25  2:03  Zealot  
  27  2:11  Probe (Chrono Boost)  
  27  2:15  Warp Gate  
  28  2:16  Pylon  
  28  2:22  Probe (Chrono Boost)  
  29  2:34  Probe (Chrono Boost)  
  30  2:40  Zealot  
  30  2:41  Zealot  
  34  2:45  Zealot  
  36  3:02  Probe (Chrono Boost)  
  36  3:03  Pylon  
  37  3:35  Pylon  
  38  3:56  Probe (Chrono Boost)  
  38  3:59  Gateway  
  38  4:00  Gateway  
  38  4:08  Probe (Chrono Boost)  
  29  4:31  Forge  
  27  4:41  Stargate  
  27  4:43  Stalker x2, Stargate  
  27  4:44  Stalker  
  31  4:58  Zealot x2  
  35  5:11  Zealot x3  
  41  5:37  Stalker x3  
  41  5:38  Stalker x2  
  51  6:16  Stalker x2  
  53  6:50  Nexus  
  53  7:08  Phoenix  
  53  7:14  Pylon  
  53  7:15  Pylon  
  55  7:32  Phoenix  
  56  7:57  Void Ray x2  
  52  8:45  Void Ray x2  
  52  8:48  Probe (Chrono Boost)  
  47  9:00  Probe (Chrono Boost)  
  47  9:02  Photon Cannon  
  46  9:03  Photon Cannon  
  46  9:09  Pylon  
  46  9:12  Pylon, Probe (Chrono Boost)  
  47  9:17  Pylon  
  47  9:31  Photon Cannon  
  47  9:35  Photon Cannon  
  41  9:50  Photon Cannon  
  35  10:16  Probe (Chrono Boost)  
  36  10:24  Probe (Chrono Boost)  
  38  10:28  Probe (Chrono Boost)  
  39  10:37  Probe (Chrono Boost)  
  39  10:49  Probe (Chrono Boost)  
  40  11:22  Void Ray  
  40  11:28  Void Ray  
  33  12:57  Nexus  
  24  13:21  Void Ray x2  
  32  13:27  Pylon  
  32  13:28  Pylon  
  32  14:04  Void Ray x2  
  34  16:09  Probe (Chrono Boost)  
  35  16:20  Probe (Chrono Boost)  
  36  16:30  Probe (Chrono Boost)  
  33  16:41  Probe (Chrono Boost)  
  34  16:51  Probe (Chrono Boost)  
Tags
 
Add a new tag
Caveats
  • Supply blocks, unpowered buildings, or Contaminate may cause inaccurate times.
  • Supply counts are checked every 10 seconds.